 Dungeon Crawl Stone Soup version 0.21-a0-509-gecc5317 (webtiles) character file.

12 BingusPrime the Magician (level 2, -1/22 HPs)
             Began as a Mummy Skald on Nov 28, 2017.
             Slain by a jackal (3 damage)
             ... on level 1 of the Dungeon.
             The game lasted 00:02:04 (106 turns).

BingusPrime the Magician (Mummy Skald)               Turns: 106, Time: 00:02:05

Health: -1/22      AC:  3    Str: 14    XL:     2   Next: 20%
Magic:  0/5        EV: 11    Int: 12    God:
Gold:   11         SH:  0    Dex: 11    Spells: 5/6 levels left

rFire    x . .     SeeInvis .   a - +0 spear
rCold    + . .     Gourm    .   (no shield)
rNeg     + + +     Faith    .   b - +0 leather armour
rPois    ∞         Spirit   .   (no helmet)
rElec    .         Reflect  .   (no cloak)
rCorr    .         Harm     .   (no gloves)
MR       .....                  (no boots)
Stlth    +.........             (no amulet)
HPRegen  0.07/turn              (no ring)
MPRegen  0.09/turn              (no ring)

@: infused
A: no food or potions, fire vulnerability, cold resistance 1, negative energy
resistance 3, torment resistance, unbreathing
a: no special abilities


You were on level 1 of the Dungeon.
You were not hungry.

You visited 1 branch of the dungeon, and saw 1 of its levels.

You collected 11 gold pieces.

Inventory:

Hand Weapons
 a - a +0 spear (weapon)
Armour
 b - a +0 leather armour (worn)
Books
 c - a book of Battle

   Spells                             Type                      Level
   a - Infusion                       Charms                       1
   b - Shroud of Golubria             Charms/Translocation         2
   c - Song of Slaying                Charms                       2
   d - Spectral Weapon                Hexes/Charms                 3
   e - Regeneration                   Charms/Necromancy            3


   Skills:
 + Level 2.2 Fighting
 + Level 1.7 Polearms
 + Level 0.7 Armour
 + Level 1.5 Dodging
 + Level 2.8 Spellcasting
 + Level 2.7 Charms


You had 5 spell levels left.
You knew the following spells:

 Your Spells              Type           Power        Failure   Level  Hunger
a - Infusion              Chrm           #...         11%         1    N/A

Dungeon Overview and Level Annotations

Branches:
Dungeon (1/15)

Altars:


Innate Abilities, Weirdness & Mutations

You do not eat or drink.
Your flesh is vulnerable to fire.
You are immune to poison.
Your flesh is cold resistant. (rC+)
You are immune to negative energy. (rN+++)
You are immune to unholy pain and torment.
You can survive without breathing.


Message History

Casting: Infusion
Confirm with . or Enter, or press ? or * to list all spells.
You begin infusing your attacks with magical energy.
The hobgoblin hits you with a club.
* * * LOW HITPOINT WARNING * * *
Attack whom?
Press: ? - help, Dir - move target cursor, f/p - hobgoblin
Aim: a hobgoblin, wielding a club You barely miss the hobgoblin.
The hobgoblin hits you but does no damage.
The jackal bites you but does no damage.
The jackal bites you.
* * * LOW HITPOINT WARNING * * *
Attack whom?
Press: ? - help, Dir - move target cursor, f/p - hobgoblin
Aim: a hobgoblin, wielding a club The jackal is in the way.
You closely miss the jackal. The jackal bites you.
* * * LOW HITPOINT WARNING * * *
The jackal bites you.
You die...

#######K#
#..g.hh.#
#.#######
#.#####†##
#.......#
#.#####.K#
############)g#
#......)....hh#
####.###########@#
'.##.## #.#
#.#...#### #.#
.)......>.. ..#
......##### ###
.#.#.## .....#
.#.### ...#


You could see 2 jackals, a hobgoblin and a kobold.

Vanquished Creatures
  A dart slug (D:1)
  3 bats (D:1)
  A goblin (D:1)
  2 hobgoblins (D:1)
  A jackal (D:1)
8 creatures vanquished.

Notes
Turn   | Place    | Note
-------+----------+-------------------------------------------
     0 | D:1      | BingusPrime the Mummy Skald began the quest for the Orb.
     0 | D:1      | Reached XP level 1. HP: 16/16 MP: 4/4
    65 | D:1      | Reached XP level 2. HP: 12/22 MP: 2/5
   106 | D:1      | Slain by a jackal

Vault maps used:
D:1:      mrwooster_arrival_arrow

Action                   || total
-------------------------++-------
Melee: Spear             ||    35
 Cast: Infusion          ||     5
  Use: Scroll            ||     1
Armor: Leather armour    ||     7
Dodge: Dodged            ||    31

Table legend:
 A = Spawn XP
 B = Non-spawn XP
 C = Spawn XP percentage of total XP
 D = Spawn monster count
 E = Non-spawn monster count
 F = Spawn count percentage of total count
 G = Total turns spent on level
                    A         B        C        D         E        F      G
               +---------+---------+-------+---------+---------+-------+---------
         Total |       0 |      18 |   0.0 |       0 |       8 |   0.0 |   106
               +---------+---------+-------+---------+---------+-------+---------
           D:1 |       0 |      18 |   0.0 |       0 |       8 |   0.0 |   106
               +---------+---------+-------+---------+---------+-------+---------
